 Dungeon Crawl Stone Soup version 0.30.0-12-gd5a94ecb5d (webtiles) character file.

Game seed: 15743333905983243131

13 CaptainMV the Covered (level 2, 0/19 HPs)
             Began as a Demonspawn Wanderer on May 17, 2023.
             Slain by a goblin
             ... wielding a +2 dagger of holy wrath
              (4 damage)
             ... on level 1 of the Dungeon.
             The game lasted 00:03:40 (199 turns).

CaptainMV the Covered (Demonspawn Wanderer)          Turns: 199, Time: 00:03:41

Health: 0/19       AC:  9    Str: 13    XL:     2   Next: 24%
Magic:  6/6        EV:  6    Int: 13    God:
Gold:   22         SH:  4    Dex: 11    Spells: 6/7 levels left

rFire   . . .        a - +0 spear
rCold   . . .        (no shield)
rNeg    . . .        d - +0 chain mail
rPois   .            (no helmet)
rElec   .            (no cloak)
rCorr   .            (no gloves)
SInv    .            (no boots)
Will    .....        (no amulet) Stlth
                     (no ring)
HPRegen 0.23/turn    (no ring)
MPRegen 0.10/turn

%: no passive effects
@: no status effects
A: large bone plates 1
a: no special abilities


You were on level 1 of the Dungeon.
You visited 1 branch of the dungeon, and saw 1 of its levels.

You collected 22 gold pieces.

Inventory:

Hand Weapons
 a - a +0 spear (weapon)
Armour
 d - a +0 chain mail (worn)
Scrolls
 b - 2 scrolls of teleportation
 c - a scroll of butterflies
 e - a scroll of amnesia {unknown}


   Skills:
 + Level 0.1 Polearms
 + Level 3.8 Armour
 + Level 3.1 Spellcasting
 + Level 0.2 Conjurations
 + Level 2.8 Air Magic


You had 6 spell levels left.
You knew the following spells:

 Your Spells              Type           Power      Damage    Failure   Level
a - Shock                 Conj/Air       24%        1d4       92%         1

Your spell library contained the following spells:

 Spells                   Type           Power      Damage    Failure   Level
 Vhi's Electric Charge    Tloc/Air       10%        N/A       100%        3


Dungeon Overview and Level Annotations

Branches:
Dungeon (1/15)

Altars:


Innate Abilities, Weirdness & Mutations

You are partially covered in large bone plates. (SH +4)


Message History

The ball python bites you but does no damage.
The ball python grabs you. The ball python constricts you.
You closely miss the ball python. You block the ball python's attack.
The ball python constricts you. The bat hits you but does no damage.
You hit the ball python.
You kill the ball python!
The bat hits you but does no damage.
The bat closely misses you. 2 goblins come into view.
A goblin is wielding a +2 dagger of holy wrath.
The goblin shouts!
The bat completely misses you.
You barely miss the bat. Your punch misses the bat. The bat hits you.
You closely miss the bat. The bat hits you but does no damage.
You barely miss the goblin. You block the bat's attack.
The bat hits you but does no damage. The goblin completely misses you.
You closely miss the goblin. The bat hits you but does no damage.
The goblin hits you with a +0 club. You block the goblin's attack.
You closely miss the goblin. The bat hits you but does no damage.
You block the bat's attack. The goblin hits you but does no damage.
The goblin barely misses you.
You hit the goblin.
The goblin is moderately wounded.
The bat hits you but does no damage. You block the bat's attack.
The goblin hits you but does no damage. The goblin hits you with a +0 club.
You closely miss the goblin.
The goblin is moderately wounded.
The bat hits you.
The goblin hits you with a +2 dagger of holy wrath.
You convulse.
The goblin hits you but does no damage.
You closely miss the goblin.
The goblin is moderately wounded.
The bat hits you. The goblin barely misses you.
The goblin hits you with a +0 club. The bat hits you but does no damage.
You closely miss the goblin.
The goblin is moderately wounded.
The bat hits you but does no damage. The goblin hits you with a +0 club.
* * * LOW HITPOINT WARNING * * *
The goblin hits you with a +2 dagger of holy wrath.
You die...

.#....†...# .#
.#........# #.# .#.##
.#........# #.# ....
##........# #.# ...#
.....########.# ...#
####..........# ...#
#..........# ...#
#..........###g..#
#..........b.@...#
#..........#.#g#.....
#.......#.#.#.#.# .#.
#..####.#.....#.#
.).# ..#.....#.#
..... .....#####.# ..
... .# .... ##


You could see 2 goblins and a bat.

Vanquished Creatures
  A ball python (D:1)
  An endoplasm (D:1)
  2 giant cockroaches (D:1)
  A hobgoblin (D:1)
  3 jackals (D:1)
  A quokka (D:1)
  A rat (D:1)
10 creatures vanquished.

Notes
Turn   | Place    | Note
-------+----------+-------------------------------------------
     0 | D:1      | CaptainMV the Demonspawn Wanderer began the quest for the
                  | Orb.
     0 | D:1      | CaptainMV set off with the following items: a +0 club, a
                  | scroll of teleportation, a scroll of butterflies, a +0
                  | chain mail; and the following spell memorised: Shock; and
                  | the following spells available to memorise: Vhi's Electric
                  | Charge.
     0 | D:1      | Reached XP level 1. HP: 13/13 MP: 4/4
   160 | D:1      | Gained mutation: You are partially covered in large bone
                  | plates. (SH +4) [demonic ancestry]
   160 | D:1      | Reached XP level 2. HP: 14/19 MP: 6/6
   199 | D:1      | Slain by a goblin

Illustrated notes

Levels and vault maps discovered:
D:1:      minmay_arrival_plants_in_alcoves, layout_basic

Action                     || total
---------------------------++-------
  Melee: Spear             ||    57
         Punch             ||     1
 Armour: Chain mail        ||    51
  Dodge: Dodged            ||    21
  Block: Other             ||     8
